 Dungeon Crawl Stone Soup version 0.15.2 (webtiles) character file.

51 Huymann the Firebug (level 3, -1/28 HPs)
             Began as a Draconian Fire Elementalist on Jan 1, 2019.
             Slain by Sigmund
             ... wielding a +0 scythe
              (6 damage)
             ... on Level 3 of the Dungeon on Jan 2, 2019.
             The game lasted 00:12:51 (1586 turns).

Huymann the Firebug (Draconian Fire Elementalist)   Turns: 1586, Time: 00:12:52

HP  -1/28        AC  7     Str 10      XL: 3   Next: 58%
MP   1/6         EV 12     Int 15      God:
Gold 96          SH  0     Dex 12      Spells:  2 memorised,  2 levels left

rFire  . . .     SeeInvis .     (no weapon)
rCold  . . .     Clarity  .     (armour unavailable)
rNeg   . . .     rCorr    .     (no shield)
rPois  .         rRot     .     (helmet restricted)
rElec  .         Spirit   .     (no cloak)
SustAb .         Warding  .     a - +0 pair of gloves
rMut   .         Stasis   .     h - +0 pair of boots
Gourm  .                        (no amulet)
MR     .....                    (no ring)
                                (no ring)

@: confused, slowed, very slow, not resistant to hostile enchantments, very
unstealthy
A: unfitting armour, cold-blooded, AC +5
a: no special abilities


You were on level 3 of the Dungeon.
You were not hungry.

You visited 1 branch of the dungeon, and saw 3 of its levels.

You collected 96 gold pieces.

Inventory:

Missiles
 f - a throwing net (quivered)
Armour
 a - a +0 pair of gloves (worn)
 h - a +0 pair of boots (worn)
Comestibles
 c - 2 bread rations
 i - a chunk of rat flesh
 k - a chunk of rat flesh
 m - a rotting chunk of worm flesh
Scrolls
 e - 2 scrolls of identify {unknown}
 j - a scroll of remove curse {unknown}
Jewellery
 o - an uncursed ring of poison resistance {unknown}
Potions
 g - a potion of curing {unknown}
Books
 b - a book of Flames

   Spells                             Type                      Level
   *Flame Tongue                      Conjuration/Fire             1
   Throw Flame                        Conjuration/Fire             2
   *Conjure Flame                     Conjuration/Fire             3
   Inner Flame                        Hexes/Fire                   3
   Sticky Flame                       Conjuration/Fire             4
   Fireball                           Conjuration/Fire             5


   Skills:
 * Level 1.0 Fighting
 * Level 2.2 Dodging
 * Level 2.4 Stealth
 * Level 0.4 Unarmed Combat
 * Level 2.2 Spellcasting
 + Level 1.0 Conjurations
 + Level 3.3 Fire Magic


You had 2 spell levels left.
You knew the following spells:

 Your Spells              Type           Power        Failure   Level  Hunger
a - Flame Tongue          Conj/Fire      #....        12%         1    #......
b - Conjure Flame         Conj/Fire      #.......     30%         3    ####...


Dungeon Overview and Level Annotations

Branches:
Dungeon (3/15)

Altars:

Annotations:
D:3 Sigmund


Innate Abilities, Weirdness & Mutations

Your plain brown scales are hard (AC +5).
Your body does not fit into most forms of armour.
Your cold-blooded metabolism reacts poorly to cold.


Message History

The orc wizard casts a spell.
The orc wizard blinks!
Sigmund casts a spell at you.
You are confused.
Ouch!
The orc wizard hits you but does no damage.
Sigmund closely misses you. The orc wizard barely misses you.
Ouch! The orc wizard closely misses you. The orc wizard barely misses you.
Sigmund closely misses you.
Ouch! The orc wizard casts a spell.
The orc wizard blinks!
Sigmund barely misses you.
You barely miss Sigmund.
Your tail-slap misses Sigmund.
Sigmund is almost dead.
The orc wizard gestures wildly while chanting.
The orc wizard blinks!
Sigmund barely misses you.
You closely miss Sigmund.
Sigmund is almost dead.
Sigmund hits you with a scythe.
You die...

#......#########
#.#......>......
#.###..######### #
#..#########
#..........#
##.#######.# ##.##
#$###...######.####
#.........@@o......
#.###...#####......
......## ###
.######


You could see Sigmund and an orc wizard.

Vanquished Creatures
  An adder (D:2)
  A worm (D:2)
  A giant gecko (D:1)
  4 bats (D:1)
  2 giant cockroaches (D:1)
  5 hobgoblins
  3 kobolds (D:1)
  3 ball pythons
  2 giant newts (D:1)
  7 goblins
  6 rats
35 creatures vanquished.

Notes
Turn   | Place    | Note
--------------------------------------------------------------
     0 | D:1      | Huymann, the Draconian Fire Elementalist, began the quest for the Orb.
     0 | D:1      | Reached XP level 1. HP: 14/14 MP: 3/3
   219 | D:1      | Reached XP level 2. HP: 20/20 MP: 1/4
   435 | D:1      | HP: 1/22 [giant gecko (1)]
   998 | D:1      | Reached XP level 3. HP: 27/27 MP: 6/6
  1184 | D:2      | Reached skill level 1 in Fighting
  1544 | D:2      | Learned a level 3 spell: Conjure Flame
  1567 | D:3      | Noticed Sigmund
  1586 | D:3      | Slain by Sigmund

Action                   || total
-------------------------++-------
Melee: Unarmed           ||   158
 Cast: Flame Tongue      ||    42
       Conjure Flame     ||     1
  Eat: Chunk             ||     3
